 Dungeon Crawl Stone Soup version 0.21.1-1-g345015f (webtiles) character file.

62 Fortress the Sneak (level 3, -3/24 HPs)
             Began as a Vampire Enchanter on June 4, 2018.
             Slain by Rathner's ghost (4 damage)
             ... on level 3 of the Dungeon.
             The game lasted 00:20:56 (2098 turns).

Fortress the Sneak (Vampire Enchanter)              Turns: 2098, Time: 00:20:56

Health: -3/24      AC:  6    Str:  8    XL:     3   Next: 85%
Magic:  5/6        EV:  8    Int: 17    God:
Gold:   30         SH:  0    Dex: 14    Spells: 6/7 levels left

rFire    . . .     SeeInvis +   a - +1 dagger
rCold    . . .     Gourm    .   (no shield)
rNeg     + . .     Faith    .   t - +0 scale mail
rPois    .         Spirit   .   (no helmet)
rElec    .         Reflect  .   (no cloak)
rCorr    .         Harm     .   (no gloves)
MR       .....                  (no boots)
Stlth    ++........             (no amulet)
HPRegen  0.08/turn              (no ring)
MPRegen  0.10/turn              (no ring)

@: lethally poisoned (-3 -> -11), about to teleport
A: fangs 3, see invisible, unbreathing
a: Bat Form


You were on level 3 of the Dungeon.
You were not thirsty.

You visited 1 branch of the dungeon, and saw 3 of its levels.

You collected 30 gold pieces.

Inventory:

Hand Weapons
 a - a +1 dagger (weapon)
 f - a +0 whip
 q - a +0 great mace
 v - a cursed -2 dagger
Missiles
 e - 19 bolts
 h - 77 stones (quivered)
 j - 38 arrows
 x - a poisoned needle
Armour
 b - a +0 robe
 g - a +0 scale mail
 k - a +1 hat
 t - a +0 scale mail (worn)
Jewellery
 n - a cursed -3 ring of dexterity {unknown}
Wands
 u - a wand of random effects (29)
Scrolls
 m - a scroll of teleportation
 p - 2 scrolls of identify
 w - a scroll of enchant armour {unknown}
Potions
 d - 7 potions of blood
 i - 2 potions of haste {unknown}
 l - 2 potions of curing {unknown}
 o - a potion of berserk rage {unknown}
 r - a potion of mutation {unknown}
 s - 2 potions of brilliance {unknown}
Books
 c - a book of Maledictions

   Spells                             Type                      Level
   a - Corona                         Hexes                        1
   b - Ensorcelled Hibernation        Hexes/Ice                    2
   c - Confuse                        Hexes                        3
   d - Tukima's Dance                 Hexes                        3
   e - Dazzling Spray                 Conjuration/Hexes            3


   Skills:
 + Level 0.2 Fighting
 + Level 2.1 Short Blades
 + Level 0.5 Armour
 + Level 2.3 Dodging
 + Level 5.2 Stealth
 + Level 2.5 Spellcasting
 + Level 4.9 Hexes


You had 6 spell levels left.
You knew the following spells:

 Your Spells              Type           Power        Failure   Level  Hunger
a - Corona                Hex            ###....      26%         1    #......


Dungeon Overview and Level Annotations

Branches:
Dungeon (3/15)

Altars:
Xom

Annotations:
D:3 Rathner's ghost, amateur GnSk


Innate Abilities, Weirdness & Mutations

You have razor-sharp teeth.
You have supernaturally acute eyesight. (SInv)
You can survive without breathing.


Message History

Aim: Rathner's ghost (chance to defeat MR: 50%) Rathner's ghost is outlined in light.
You feel sick. Rathner's ghost closely misses you.
You hit Rathner's ghost but do no damage.
You feel sick. Rathner's ghost closely misses you.
As you read the scroll labeled MYHIBL SEWIUPU, it crumbles to dust.
It is a scroll of identify.
v - a cursed -2 dagger Rathner's ghost hits you.
* * * LOW HITPOINT WARNING * * *
As you read the scroll labeled ZUNAIL DYMAA, it crumbles to dust.
You feel strangely unstable.
It was a scroll of teleportation.
* * * LOW HITPOINT WARNING * * *
You feel sick. Rathner's ghost hits you.
* * * LOW HITPOINT WARNING * * *
You hit Rathner's ghost but do no damage.
You bite Rathner's ghost, but do no damage.
* * * LOW HITPOINT WARNING * * *
You feel sick. Rathner's ghost hits you.
You die...

#. ###### ..
#####..... .#
#.##@......#
####.##W###.#.# #
.........(<.#.###.
#.#.
####.##.##.....(..
#.#.
#...........###
#.#. #..#.##..#K.#
### ...
#..#.....(..##
...#..
#........#...#####
#....
#...###..†.......#


You could see Rathner's ghost.

Vanquished Creatures
  A river rat (D:3)
  3 dart slugs
  2 leopard geckos
  An orc (D:3)
  3 bats
  2 giant cockroaches
  9 goblins
  2 hobgoblins (D:1)
  3 quokkas (D:3)
  A frilled lizard (D:3)
  5 kobolds
  10 rats
42 creatures vanquished.

Vanquished Creatures (others)
  5 toadstools (D:1)
5 creatures vanquished.

Grand Total: 47 creatures vanquished

Notes
Turn   | Place    | Note
-------+----------+-------------------------------------------
     0 | D:1      | Fortress the Vampire Enchanter began the quest for the Orb.
     0 | D:1      | Reached XP level 1. HP: 13/13 MP: 3/3
   227 | D:1      | Reached skill level 5 in Stealth
   227 | D:1      | Reached XP level 2. HP: 17/19 MP: 0/5
   863 | D:1      | Reached XP level 3. HP: 21/24 MP: 3/6
   981 | D:2      | Found a shimmering altar of Xom.
  2077 | D:3      | Noticed Rathner's ghost (amateur GnSk)
  2098 | D:3      | HP: 1/24 [poisoned by a kobold]
  2098 | D:3      | Slain by Rathner's ghost

Skill      XL: |  1  2  3 |
---------------+----------+-----
Stealth        | 5 |  5.2
Short Blades   | 2 |  2.1
Fighting       | |  0.2
Armour         | |  0.5
Dodging        | |  2.3
Spellcasting   | |  2.5
Hexes          | |  4.9

Action                   || total
-------------------------++-------
Melee: Dagger            ||   139
       Bite              ||     5
 Cast: Corona            ||    31
 Abil: End Transformatio ||     2
       Bat Form          ||     2
  Use: Potion            ||     3
       Scroll            ||     2
 Stab: Sleeping          ||     6
Armor: Scale mail        ||    58
Dodge: Dodged            ||    61
